 Dungeon Crawl Stone Soup version 0.26.1-11-gd32895ea62 (webtiles) character file.

Game seed: 16949679699950828850

10871 Zeld the Severer (level 11, -15/93 HPs)
             Began as a Deep Dwarf Fighter on June 4, 2021.
             Was a Priest of Makhleb.
             Shot with a bolt by an orc knight (21 damage)
             ... on level 10 of the Dungeon.
             The game lasted 00:17:48 (10144 turns).

Zeld the Severer (Deep Dwarf Fighter)              Turns: 10144, Time: 00:17:49

Health: -15/93     AC: 14    Str: 22    XL:     11   Next: 41%
Magic:  5/5        EV:  5    Int: 10    God:    Makhleb [***...]
Gold:   691        SH:  9    Dex: 12    Spells: 10/10 levels left

rFire    . . .     SeeInvis .   a - +0 war axe
rCold    . . .     Faith    .   c - +0 kite shield
rNeg     . . .     Spirit   .   r - +0 plate armour
rPois    .         Reflect  .   b - +0 hat
rElec    .         Harm     .   d - +0 cloak
rCorr    .         Rampage  .   J - +0 pair of gloves
Will     +....                  y - +0 pair of boots
Stlth    ..........             (no amulet)
HPRegen  0.00/turn              (no ring)
MPRegen  0.09/turn              (no ring)

@: non-regenerating
A: damage resistance, heal wounds, sense surroundings 2, no regeneration
a: Heal Wounds, Renounce Religion, Minor Destruction, Lesser Servant of Makhleb


You were on level 10 of the Dungeon.
You worshipped Makhleb.
Makhleb was most pleased with you.
You visited 2 branches of the dungeon, and saw 12 of its levels.

You collected 691 gold pieces.

Inventory:

Hand Weapons
 a - a +0 war axe (weapon)
 h - a +0 vampiric hand axe
 T - a +1 hand axe of electrocution
Missiles
 m - 40 poisoned darts (quivered)
Armour
 b - a +0 hat (worn)
 c - a +0 kite shield (worn)
 d - a +0 cloak (worn)
 r - a +0 plate armour (worn)
 y - a +0 pair of boots (worn)
 J - a +0 pair of gloves (worn)
Jewellery
 j - an uncursed ring of see invisible {unknown}
 n - a +4 ring of protection {unknown}
 A - an uncursed ring of willpower {unknown}
 G - an uncursed ring of willpower {unknown}
 K - a +6 ring of dexterity {unknown}
 O - an uncursed ring of willpower {unknown}
 R - an uncursed ring of stealth {unknown}
Wands
 N - a wand of polymorph (7)
Scrolls
 e - 7 scrolls of identify {unknown}
 f - a scroll of enchant weapon {unknown}
 g - 3 scrolls of random uselessness {unknown}
 k - 2 scrolls of fear {unknown}
 l - 5 scrolls of magic mapping {unknown}
 q - a scroll of remove curse {unknown}
 u - 2 scrolls of enchant armour {unknown}
 z - 5 scrolls of blinking {unknown}
 B - 4 scrolls of amnesia {unknown}
 E - a scroll of fog {unknown}
 F - a scroll of immolation {unknown}
 H - 5 scrolls of teleportation {unknown}
 I - a scroll of acquirement {unknown}
Potions
 i - 6 potions of lignification {unknown}
 o - 2 potions of haste
 p - 4 potions of attraction {unknown}
 s - a potion of brilliance {unknown}
 t - 2 potions of degeneration {unknown}
 v - a potion of berserk rage {unknown}
 w - 3 potions of mutation {unknown}
 x - 5 potions of curing {unknown}
 C - a potion of flight {unknown}
 D - a potion of heal wounds {unknown}
 L - 3 potions of cancellation {unknown}
 M - 3 potions of magic {unknown}
 P - a potion of might
 Q - 2 potions of resistance {unknown}
 S - 6 potions of ambrosia {unknown}
Miscellaneous
 U - a phial of floods


   Skills:
 * Level 4.8 Fighting
 - Level 16.0 Axes
 - Level 6.0 Throwing
 - Level 3.2 Armour
 + Level 3.0 Dodging
 - Level 3.2 Shields
 * Level 5.4 Invocations


You had 10 spell levels left.
You didn't know any spells.
Your spell library contained the following spells:

 Spells                   Type           Power        Failure   Level
 Animate Skeleton         Necr           0%           100%        1
 Apportation              Tloc           0%           100%        1
 Corona                   Hex            0%           100%        1
 Summon Small Mammal      Summ           0%           100%        1


Dungeon Overview and Level Annotations

Branches:
Dungeon (11/15)            Temple (1/1) D:7            Lair (0/6) D:8
    Orc: D:9-12

Altars:
Ashenzari
Cheibriados
Dithmenos
Elyvilon
Fedhas
Gozag
Hepliaklqana
Kikubaaqudgha
Makhleb
Nemelex Xobeh
Okawaru
Qazlal
Ru
Sif Muna
Trog
Uskayaw
Vehumet
Wu Jian
Xom
Yredelemnul
Zin
The Shining One
Lugonu

Annotations:
D:9 2 transporters, exclusion: oklob plant, jlumianski's ghost, novice FeSu


Innate Abilities, Weirdness & Mutations

You are resistant to damage.
You can heal yourself by infusing magical energy.
You passively map the area around you.
You do not regenerate.


Message History

The orc knight burns you.
You slash the orc knight!
The orc knight is heavily wounded.
You hit something. Something hits you but does no damage.
The orc knight hits you with the +6 hand axe of Uskayaw's Delight {flame, Int+4}!!
* * * LOW HITPOINT WARNING * * *
The orc knight burns you!
* * * LOW HITPOINT WARNING * * *
Something hits you but does no damage.
You're too confused to move!
You feel less confused.
The orc knight hits you with the +6 hand axe of Uskayaw's Delight {flame, Int+4}!
* * * LOW HITPOINT WARNING * * *
The orc knight burns you.
* * * LOW HITPOINT WARNING * * *
Something hits you but does no damage.
The orc knight unwields the +6 hand axe of Uskayaw's Delight {flame, Int+4}.
It stops flaming.
The orc knight wields a +0 arbalest.
The orc knight shoots a bolt.
The bolt hits you!!
You die...

..#.....##...##....
* #......
*###...##.....>.
........
###........## , .
.#.#....
#..........#
...,,###....
#.........#....#,
.....#
#.........##..#
>....#
#..#..###.....##
.....,
##.#.##........^,
** #..(##.@.##* , ,
,, #...(.....#*,
##....o...# , ,
##.......# , , ,
####........ ,
#.......# , ,
###...... , *##....
, * * * .... ,,


You could see an orc knight.

Vanquished Creatures
  A hydra (D:7)
  A centaur warrior (D:11)
  2 two-headed ogres
  An orc knight (D:10)
  The ghost of Tirrikindir the Carver, a novice OpFi of Gozag (D:6)
  Maggie (D:8)
  A kobold demonologist (D:10)
  A troll (D:11)
  A queen bee (D:9)
  Grinder (D:5)
  2 dream sheep (D:8)
  Sigmund (D:2)
  A yak (D:8)
  A wyvern (D:9)
  A basilisk (D:8)
  2 ice beasts
  2 black bears (D:8)
  6 ogres
  An orc warrior (D:8)
  3 sky beasts
  2 necrophages
  2 phantoms
  3 centaurs
  4 big kobolds
  A gnoll sergeant (D:6)
  2 bullfrogs (D:9)
  A scorpion (D:8)
  36 killer bees
  5 wights (D:9)
  2 howler monkeys
  A bullfrog zombie (D:7)
  A centaur zombie (D:9)
  2 jellies
  4 orc priests
  2 centaur skeletons
  5 hounds
  An orc wizard (D:8)
  Crazy Yiuf (D:5)
  2 bullfrog skeletons (D:7)
  An iguana (D:10)
  9 worker ants
  A hound zombie (D:4)
  A hound skeleton (D:4)
  A worker ant zombie (D:7)
  10 gnolls
  9 adders
  A white imp (D:7)
  4 ufetubi
  An ooze (D:2)
  2 adder skeletons
  An adder zombie (D:7)
  4 worms
  3 dart slugs
  4 leopard geckos
  27 orcs
  7 bats
  6 giant cockroaches
  6 goblins
  6 hobgoblins
  7 jackals
  11 kobolds
  5 quokkas
  A ball python skeleton (D:4)
  4 frilled lizards
  A jackal zombie (D:7)
  A leopard gecko skeleton (D:4)
  A leopard gecko zombie (D:6)
  A quokka skeleton (D:4)
  8 rats
252 creatures vanquished.

Vanquished Creatures (others)
  8 plants
  2 withered plants (D:6)
10 creatures vanquished.

Grand Total: 262 creatures vanquished

Notes
Turn   | Place    | Note
-------+----------+-------------------------------------------
     0 | D:1      | Zeld the Deep Dwarf Fighter began the quest for the Orb.
     0 | D:1      | Reached XP level 1. HP: 20/20 MP: 1/1
   113 | D:1      | Reached skill level 3 in Axes
   117 | D:1      | Reached XP level 2. HP: 21/27 MP: 2/2
   277 | D:1      | You fall into a shaft and drop 1 floor!
   841 | D:2      | Found a radiant altar of Vehumet.
   847 | D:2      | Reached skill level 4 in Axes
   847 | D:2      | Reached XP level 3. HP: 26/33 MP: 3/3
  1110 | D:2      | Reached XP level 4. HP: 30/40 MP: 4/4
  1150 | D:2      | Reached skill level 5 in Axes
  1725 | D:3      | Found a sparkling altar of Nemelex Xobeh.
  1741 | D:3      | Noticed Sigmund
  2881 | D:2      | Killed Sigmund
  2882 | D:2      | Reached skill level 7 in Axes
  2882 | D:2      | Reached XP level 5. HP: 33/46 MP: 5/5
  2882 | D:2      | Reached XP level 6. HP: 39/55 MP: 6/6
  3119 | D:3      | Found a glowing golden altar of the Shining One.
  3284 | D:3      | Found a faded altar of an unknown god.
  3638 | D:4      | Reached skill level 8 in Axes
  3668 | D:4      | Found a snail-covered altar of Cheibriados.
  3763 | D:4      | Reached XP level 7. HP: 46/61 MP: 5/5
  3774 | D:4      | Found a bloodstained altar of Trog.
  3854 | D:4      | Found a blossoming altar of Fedhas.
  4051 | D:5      | Entered Level 5 of the Dungeon
  4089 | D:5      | Reached skill level 9 in Axes
  4370 | D:5      | Noticed Grinder
  4371 | D:5      | Paralysed by Grinder for 2 turns
  4387 | D:5      | Killed Grinder
  4388 | D:5      | Reached skill level 10 in Axes
  4388 | D:5      | Reached XP level 8. HP: 56/68 MP: 6/6
  4429 | D:5      | Found a runed translucent door.
  4430 | D:5      | Noticed Crazy Yiuf
  4890 | D:5      | Killed Crazy Yiuf
  5003 | D:6      | Found a burning altar of Makhleb.
  5008 | D:6      | Found an iron altar of Okawaru.
  5012 | D:6      | Found a shadowy altar of Dithmenos.
  5017 | D:6      | Became a worshipper of Makhleb the Destroyer
  5227 | D:6      | Found a runed translucent door.
  5227 | D:6      | Noticed Tirrikindir's ghost (novice OpFi)
  5236 | D:6      | Found an ancient bone altar of Kikubaaqudgha.
  5546 | D:6      | Reached skill level 11 in Axes
  5961 | D:6      | Killed Tirrikindir's ghost
  5962 | D:6      | Reached skill level 12 in Axes
  6181 | D:7      | Gained mutation: You passively map the area around you.
                  | [Deep Dwarf growth]
  6181 | D:7      | Reached XP level 9. HP: 64/74 MP: 6/6
  6214 | D:7      | Found a basalt altar of Yredelemnul.
  6298 | D:7      | Found a white marble altar of Elyvilon.
  6402 | D:7      | Found a staircase to the Ecumenical Temple.
  6429 | D:7      | Reached skill level 13 in Axes
  6461 | Temple   | Entered the Ecumenical Temple
  6535 | D:7      | Found a sacrificial altar of Ru.
  6539 | D:7      | Reached * piety under Makhleb
  6812 | D:8      | Found a staircase to the Lair.
  6879 | D:8      | Reached skill level 14 in Axes
  6895 | D:8      | Noticed Maggie
  6913 | D:8      | Killed Maggie
  7133 | D:8      | Reached ** piety under Makhleb
  7346 | D:8      | Found a stormy altar of Qazlal.
  7415 | D:8      | Found a broken altar of Ashenzari.
  7515 | D:8      | Reached skill level 15 in Axes
  7515 | D:8      | Reached XP level 10. HP: 59/81 MP: 4/4
  7524 | D:8      | Noticed a two-headed hydra
  7784 | D:8      | Found a hazy altar of Hepliaklqana.
  7975 | D:7      | Found a staircase to the Ecumenical Temple.
  8007 | D:7      | Found a sacrificial altar of Ru.
  8117 | D:7      | Killed a one-headed hydra
  8146 | D:7      | Found a basalt altar of Yredelemnul.
  8210 | D:7      | Found a white marble altar of Elyvilon.
  8714 | D:9      | Found a transporter.
  8718 | D:9      | Noticed an oklob plant
  8722 | D:9      | Noticed jlumianski's ghost (novice FeSu)
  8736 | D:9      | Reached skill level 16 in Axes
  8748 | D:9      | Reached skill level 1 in Throwing
  8803 | D:9      | Found a transporter.
  8819 | D:9      | Noticed a two-headed ogre
  8843 | D:9      | Killed a two-headed ogre
  8870 | D:9      | You fall into a shaft and drop 2 floors!
  8892 | D:11     | Noticed a centaur warrior
  8914 | D:11     | Killed a centaur warrior
  8915 | D:11     | Reached skill level 5 in Throwing
  8970 | D:10     | Entered Level 10 of the Dungeon
  9267 | D:9      | Reached skill level 1 in Invocations
  9287 | D:9      | Reached XP level 11. HP: 70/90 MP: 2/4
  9290 | D:9      | Reached *** piety under Makhleb
  9299 | D:9      | Reached skill level 1 in Dodging
  9756 | D:9      | Found an ornate altar of the Wu Jian Council.
  9984 | D:10     | Noticed a two-headed ogre
 10003 | D:10     | Killed a two-headed ogre
 10033 | D:10     | Noticed an orc knight
 10076 | D:10     | Killed an orc knight
 10077 | D:10     | Reached skill level 5 in Invocations
 10120 | D:10     | Identified the +6 hand axe of Uskayaw's Delight {flame,
                  | Int+4}
 10120 | D:10     | Noticed an orc knight
 10144 | D:10     | Shot with a bolt by an orc knight

Illustrated notes

Levels and vault maps discovered:
D:1:      beargit_arrival_greenhouse, layout_basic
D:2:      layout_basic, vehumet_crystals
D:3:      layout_loops_ring, nemelex_xobeh_ov_fountains_minmay,
          chequers_ecumenical_altar_grove, grunt_ministairs_5,
          nicolae_tso_carved_into_rock, uniq_sigmund
D:4:      layout_basic, nicolae_overflow_hidden_temple, lemuel_doored_altar,
          cheibriados_altar_1, corexii_hall_statues_l
D:5:      layout_loops_ring, hangedman_decor_push, uniq_crazy_yiuf_cottage,
          uniq_grinder
D:6:      layout_basic, kiku_gazebo_pond_becter, grunt_temple_overflow_open,
          gammafunk_ghost_grave
D:7:      layout_rooms, kennysheep_ying_yang, nicolae_overflow_crystal_walls,
          minmay_temple_entry_glass
D:8:      layout_layer_cave, kennysheep_mini, nicolae_qazlal_eye_of_the_storm,
          marbit_many_paths, david_lair_generic, hangedman_ranch
          [blue_anna_fruit_fields], uniq_maggie
D:9:      layout_roguey [special_room_bee], nzn_wu_jian_council_hall,
          nzn_ghost_randoct
D:10:     layout_cave_pools, minmay_shattered_shrine
D:11:     layout_basic, serial_shops, nicolae_shop_statue_plus,
          nicolae_shop_temple_entry_statues_fountains,
          chequers_serial_rivers_small_b
Temple:   corrupted_temple

Skill      XL: |  1  2  3  4  5  6  7  8  9 10 11 |
---------------+----------------------------------+-----
Axes           | 3 4 7 8 10 12 15 16 | 16.0
Throwing       | 6 |  6.0
Invocations    | 1 5 |  5.4
Fighting       | 3 4 |  4.8
Dodging        | 3 |  3.0
Armour         | |  3.2
Shields        | |  3.2

Action                   |  1- 3 |  4- 6 |  7- 9 | 10-12 || total
-------------------------+-------+-------+-------+-------++-------
Melee: War axe           |    70 |   174 |   421 |   526 ||  1191
       Falchion          |       |       |       |     4 ||     4
 Abil: Heal Wounds       |       |     7 |    10 |    20 ||    37
  Use: Potion            |       |       |     1 |       ||     1
Armor: Scale mail        |    16 |       |       |       ||    16
       Plate armour      |    17 |   133 |   240 |   226 ||   616
Dodge: Dodged            |    10 |    38 |    69 |    71 ||   188
Block: Kite shield       |    41 |   123 |   204 |   223 ||   591
